Map: Abyssal Reef LE

Players

DnS

  • Race: Protoss Protoss
  • Spawn Location: 5:00

Bly - Winner!

  • Race: Zerg Zerg
  • Spawn Location: 11:00

Event: WCS Jonkoping 2017

VOD

Have the link to the VOD?

Description

Time

  • Played on: June 17, 2017, 2:49 p.m.
  • Length: 19:07

All games in this series

Show
View Real Time Build Order
Export as new Build Order

DnS Protoss 

Build Orders: 1 Gate Expand, Oracle Opening, Phoenix Opening, Zealot Archon 

Get SALT Encoding   

  12  0:00  Probe (Chrono Boost)  
  13  0:11  Probe (Chrono Boost)  
  14  0:19  Pylon  
  14  0:22  Probe (Chrono Boost)  
  15  0:37  Probe (Chrono Boost)  
  15  0:39  Gateway  
  16  0:48  Probe (Chrono Boost)  
  16  0:49  Assimilator  
  17  0:58  Probe (Chrono Boost)  
  18  1:09  Probe (Chrono Boost)  
  19  1:20  Probe (Chrono Boost)  
  20  1:27  Cybernetics Core  
  20  1:31  Nexus  
  20  1:38  Cybernetics Core  
  20  1:41  Probe (Chrono Boost)  
  21  1:47  Assimilator  
  21  1:52  Probe (Chrono Boost)  
  22  1:56  Pylon  
  22  2:02  Probe (Chrono Boost)  
  23  2:14  Probe, Warp Gate, Adept (Chrono Boost)  
  26  2:26  Probe  
  27  2:33  Stargate  
  27  2:38  Probe, Adept (Chrono Boost)  
  27  2:41  Probe  
  31  2:50  Probe (Chrono Boost)  
  32  2:53  Probe (Chrono Boost)  
  33  3:01  Adept  
  33  3:02  Probe (Chrono Boost)  
  36  3:06  Probe (Chrono Boost)  
  38  3:12  Probe (Chrono Boost)  
  38  3:16  Probe (Chrono Boost), Pylon  
  38  3:18  Oracle (Chrono Boost)  
  42  3:23  Probe  
  42  3:26  Probe  
  43  3:33  Gateway  
  44  3:34  Gateway  
  44  3:36  Probe x2  
  46  3:43  Pylon  
  46  3:48  Probe  
  46  3:50  Probe  
  46  3:51  Twilight Council  
  46  3:54  Phoenix (Chrono Boost)  
  50  3:59  Probe  
  50  4:02  Probe  
  52  4:03  Assimilator  
  52  4:05  Pylon  
  52  4:10  Probe (Chrono Boost)  
  52  4:14  Probe (Chrono Boost)  
  54  4:21  Probe (Chrono Boost)  
  55  4:27  Resonating Glaives (Chrono Boost)  
  55  4:29  Adept x2  
  55  4:30  Adept  
  61  4:38  Nexus  
  61  4:39  Probe  
  61  4:40  Probe  
  61  4:44  Pylon  
  63  4:49  Probe, Assimilator  
  63  4:52  Probe  
  65  4:56  Adept  
  65  4:57  Adept  
  69  5:01  Pylon  
  69  5:02  Probe  
  69  5:03  Adept  
  72  5:10  Probe  
  72  5:11  Pylon  
  73  5:20  Mothership Core, Adept x2  
  77  5:22  Pylon  
  77  5:26  Adept  
  81  5:37  Probe  
  81  5:38  Robotics Facility  
  81  5:40  Probe  
  83  5:49  Probe x2  
  84  5:50  Probe, Sentry x3  
  84  5:53  Forge  
  84  5:55  Charge (Chrono Boost)  
  92  6:00  Probe  
  92  6:01  Probe x2  
  95  6:12  Protoss Ground Weapons Level 1  
  95  6:15  Probe  
  86  6:21  Probe x2  
  86  6:24  Assimilator  
  84  6:25  Assimilator  
  84  6:27  Probe, Warp Prism (Chrono Boost)  
  84  6:28  Templar Archives  
  84  6:32  Probe  
  81  6:33  Probe  
  81  6:39  Probe, Gateway  
  84  6:42  Probe  
  84  6:45  Gateway x2  
  84  6:46  Probe  
  84  6:48  Gateway  
  84  6:51  Probe  
  85  6:55  Gateway  
  85  7:00  Observer (Chrono Boost)  
  86  7:05  Zealot x3, Psionic Storm  
  92  7:09  Probe  
  92  7:11  Probe x2  
  95  7:18  Nexus  
  95  7:19  Immortal (Chrono Boost)  
  95  7:21  Pylon  
  99  7:26  High Templar x3  
  99  7:28  Probe  
  99  7:29  Pylon  
  106  7:30  Pylon  
  106  7:40  High Templar  
  108  7:44  Photon Cannon  
  108  7:51  Protoss Ground Weapons Level 2  
  108  7:52  Zealot, High Templar x2  
  108  7:56  Immortal (Chrono Boost), Archon  
  118  8:01  Robotics Facility  
  118  8:04  Zealot x3  
  118  8:05  Zealot  
  126  8:15  Photon Cannon  
  126  8:18  Probe x2, Photon Cannon  
  117  8:27  Pylon  
  117  8:40  Phoenix  
  111  8:42  Stalker x3  
  111  8:44  Stalker  
  111  8:45  Probe  
  111  8:46  Probe  
  116  8:51  Zealot, High Templar x2  
  116  8:55  Archon  
  121  9:00  Probe  
  121  9:01  Probe x2  
  123  9:05  Phoenix  
  124  9:15  Probe x2  
  124  9:17  Probe x2  
  125  9:26  Probe  
  125  9:29  Probe x2  
  125  9:30  Probe  
  129  9:32  Zealot, High Templar x2  
  129  9:33  Zealot x5  
  129  9:38  Archon  
  144  9:39  Phoenix  
  144  9:40  Probe x2  
  144  9:41  Probe  
  144  9:42  Probe  
  143  9:50  Probe  
  144  9:53  Probe  
  144  9:54  Probe  
  144  9:55  Probe  
  147  10:01  Probe  
  147  10:04  Zealot x2  
  147  10:05  Probe  
  147  10:06  Probe  
  147  10:07  Probe  
  155  10:08  Assimilator  
  155  10:09  Assimilator  
  155  10:11  Probe  
  151  10:15  Zealot x3, Probe  
  151  10:16  Zealot x3  
  151  10:18  Probe  
  152  10:31  Zealot x2  
  152  10:35  Probe x2  
  144  10:37  Zealot x5  
  144  10:38  Zealot  
  145  10:48  Probe x2  
  145  10:49  Probe  
  118  11:00  Probe  
  118  11:01  Probe  
  118  11:02  Probe, High Templar x6  
  118  11:04  High Templar x2  
  135  11:06  Archon  
  135  11:07  Archon x2  
  135  11:08  Probe, Archon  
  135  11:11  Probe  
  138  11:13  Probe  
  138  11:16  Probe  
  136  11:28  Probe x2, Colossus (Chrono Boost)  
  136  11:29  Probe  
  136  11:30  Probe  
  140  11:42  Probe  
  140  11:46  Zealot x3  
  122  11:54  Zealot x2  
  126  12:06  Zealot  
  126  12:11  High Templar x4  
  126  12:15  Archon x2  
  132  12:22  Zealot  
  132  12:23  Zealot  
  132  12:28  Zealot  
  114  13:01  Probe x2  
  114  13:03  Probe x2  
  114  13:04  Warp Prism (Chrono Boost)  
  108  13:08  Archon  
  102  13:13  Probe  
  95  13:22  Void Ray (Chrono Boost)  
  95  13:25  Probe x4  
  98  13:33  High Templar  
  98  13:34  High Templar x2  
  101  13:38  Archon  
  99  13:44  High Templar  
  87  13:59  Archon  
  91  14:10  Void Ray (Chrono Boost)  
  91  14:17  Probe x2  
  91  14:18  Probe x2  
  95  14:27  Probe  
  95  14:28  Probe  
  97  14:36  Probe x2  
  99  14:56  Probe  
  99  14:57  Probe x2  
  102  15:06  Probe x2  
  102  15:09  Probe x2  
  102  15:15  High Templar  
  102  15:16  Probe, High Templar  
  102  15:17  Probe  
  108  15:21  Archon  
  108  15:26  Probe x2  
  108  15:27  Probe x2  
  110  15:40  Probe  
  110  15:41  Probe  
  110  15:42  Probe x2  
  114  15:57  Probe x2  
  114  15:58  Probe x2  
  118  16:07  Probe x2  
  118  16:10  Probe x2  
  122  16:18  Probe x2  
  124  16:29  Probe  
  124  16:30  Probe  
  124  16:31  Probe  
  124  16:34  Pylon  
  124  16:35  Pylon  
  124  16:36  Stargate  
  122  16:53  Stargate  
  122  16:56  Probe, Protoss Air Weapons Level 1  
  122  16:57  Probe, Void Ray (Chrono Boost)  
  122  16:58  Probe x2  
  126  17:27  Void Ray (Chrono Boost), High Templar x7  
  140  17:31  Archon x3, High Templar  
  140  17:33  Pylon  
  140  17:35  Archon  
  148  17:51  Void Ray (Chrono Boost)  
  148  17:57  Void Ray (Chrono Boost)  
  148  18:03  Pylon  
  148  18:05  Pylon  
  144  18:09  Pylon  
  142  18:32  Pylon  
  138  18:41  Pylon  
  139  18:54  High Templar x3  
  139  18:55  High Templar x2  
  136  18:58  Archon  
Show
View Real Time Build Order
Export as new Build Order

Bly Zerg - Winner!

Build Orders: Hatch First, Muta Ling Bane 

Get SALT Encoding   

  12  0:02  Drone  
  13  0:12  Overlord  
  13  0:17  Drone  
  14  0:30  Drone x2  
  14  0:35  Drone  
  17  0:48  Drone  
  18  0:56  Hatchery  
  17  1:00  Drone  
  17  1:02  Extractor  
  17  1:13  Spawning Pool  
  17  1:16  Drone  
  17  1:20  Drone  
  18  1:28  Drone  
  19  1:44  Hatchery  
  18  1:48  Drone  
  18  1:51  Drone  
  20  2:00  Queen  
  22  2:10  Queen  
  24  2:16  Metabolic Boost  
  24  2:20  Drone  
  25  2:25  Drone  
  25  2:29  Overlord  
  26  2:35  Drone x2  
  28  2:44  Overlord  
  28  2:48  Drone x3  
  31  2:56  Queen  
  33  3:03  Drone  
  33  3:05  Drone x2  
  36  3:06  Drone  
  36  3:11  Drone x2  
  39  3:13  Drone  
  39  3:18  Queen  
  42  3:20  Drone  
  42  3:24  Spore Crawler  
  42  3:28  Spore Crawler  
  42  3:31  Drone x3  
  46  3:35  Queen  
  46  3:39  Drone x2  
  50  3:46  Overlord x2  
  50  3:57  Overlord  
  50  4:04  Queen, Overlord  
  50  4:06  Drone  
  50  4:07  Drone x6  
  50  4:09  Drone  
  60  4:14  Drone x2  
  60  4:15  Drone x2  
  64  4:28  Overlord  
  64  4:32  Evolution Chamber  
  64  4:35  Hatchery  
  64  4:37  Zergling x2  
  64  4:38  Zergling x14  
  69  4:39  Zergling x2  
  69  4:40  Zergling x2  
  69  4:42  Zergling x2  
  73  4:47  Overlord  
  73  4:48  Overlord  
  73  4:54  Overlord  
  73  4:57  Overlord  
  73  4:58  Zerg Melee Weapons Level 1  
  74  5:00  Drone x3  
  74  5:01  Extractor  
  74  5:02  Baneling Nest  
  74  5:03  Overlord  
  74  5:07  Overlord  
  74  5:09  Overlord  
  74  5:10  Drone x3  
  77  5:16  Extractor  
  77  5:18  Lair  
  77  5:21  Drone x6  
  80  5:24  Drone x2  
  80  5:25  Overlord  
  80  5:28  Pneumatized Carapace  
  83  5:35  Zergling x2  
  83  5:36  Zergling x2  
  83  5:43  Extractor, Zergling x2  
  83  5:44  Zergling x22  
  94  5:51  Drone x2  
  94  5:56  Baneling x5  
  93  6:15  Drone x15  
  97  6:28  Overlord  
  97  6:31  Spire  
  97  6:32  Drone x6  
  101  6:37  Extractor  
  101  6:38  Extractor  
  99  6:43  Zergling x8  
  99  6:44  Zergling x6  
  105  6:48  Centrifical Hooks  
  105  6:50  Hatchery  
  104  7:12  Hatchery, Drone x4  
  104  7:13  Drone  
  104  7:14  Extractor x2  
  106  7:16  Zerg Melee Weapons Level 2  
  106  7:24  Overlord  
  106  7:44  Baneling x4  
  106  7:47  Mutalisk x7  
  106  7:49  Drone  
  106  7:50  Drone x9  
  128  8:03  Extractor  
  128  8:05  Extractor  
  126  8:09  Infestation Pit, Zergling x14  
  126  8:10  Zergling x16, Hydralisk Den  
  139  8:14  Overlord  
  137  8:21  Mutalisk x5  
  137  8:23  Overlord  
  137  8:25  Baneling x3  
  138  8:51  Mutalisk x6  
  138  8:54  Baneling  
  138  8:55  Zergling x28  
  159  9:01  Muscular Augments  
  138  9:21  Hydralisk x9  
  154  9:24  Drone  
  154  9:25  Drone x4  
  154  9:27  Drone  
  154  9:30  Baneling x8  
  159  9:33  Zergling x20, Overlord  
  166  9:50  Hydralisk x5  
  166  9:51  Hydralisk  
  170  9:54  Hive  
  170  9:55  Zergling x2  
  170  9:56  Zergling x16  
  177  10:03  Hatchery  
  175  10:15  Hatchery  
  175  10:18  Zergling x18  
  175  10:21  Lurker Den, Overlord x2  
  179  10:23  Baneling  
  179  10:24  Baneling x3  
  166  10:43  Zergling x2  
  166  10:44  Zergling x32  
  166  10:49  Baneling  
  175  10:55  Hydralisk x2, Zergling x2  
  175  10:56  Hydralisk x9  
  174  11:03  Baneling x7  
  174  11:04  Baneling x19  
  169  11:07  Greater Spire  
  169  11:17  Corruptor x5  
  169  11:18  Corruptor  
  181  11:19  Zergling x10  
  181  11:20  Zergling x2  
  181  11:24  Overseer  
  187  11:31  Baneling x3  
  187  11:32  Baneling  
  187  11:36  Baneling x2  
  187  11:37  Hydralisk x6  
  199  11:44  Baneling x6  
  199  11:45  Baneling  
  197  11:53  Zergling x2  
  197  11:54  Zergling x26  
  150  12:11  Zergling x28  
  156  12:16  Lurker  
  156  12:20  Brood Lord x5  
  163  12:25  Baneling  
  163  12:26  Baneling x4  
  163  12:27  Zergling x10  
  161  12:33  Zergling x6  
  161  12:38  Brood Lord  
  148  12:48  Zergling x10  
  148  12:49  Zergling x12  
  129  13:00  Zergling x12  
  129  13:05  Zergling x4  
  127  13:07  Drone x3  
  127  13:08  Extractor  
  127  13:09  Extractor  
  128  13:25  Corruptor x5  
  138  13:33  Drone x2  
  137  13:39  Hatchery  
  128  13:56  Brood Lord  
  128  13:57  Baneling Nest, Brood Lord  
  125  14:05  Brood Lord  
  123  14:19  Hatchery  
  123  14:21  Drone x3  
  124  14:24  Extractor  
  124  14:25  Extractor  
  124  14:27  Hatchery  
  124  14:28  Drone x3  
  124  14:29  Spore Crawler  
  124  14:30  Spine Crawler  
  122  14:32  Spine Crawler, Brood Lord x2  
  122  14:33  Hydralisk  
  122  14:34  Spine Crawler  
  122  14:36  Hydralisk  
  128  14:43  Overseer  
  117  14:53  Drone x3  
  117  14:54  Hydralisk x3  
  117  14:55  Hydralisk  
  125  15:11  Hydralisk x3  
  131  15:16  Zergling x8  
  134  15:24  Drone x3  
  134  15:26  Extractor, Overseer  
  135  15:32  Spore Crawler  
  135  15:33  Spore Crawler, Zergling x2  
  132  15:43  Hydralisk x3  
  136  15:58  Infestor x2, Drone x3  
  136  15:59  Infestor  
  145  16:12  Hydralisk x3  
  151  16:23  Baneling  
  151  16:24  Baneling  
  150  16:36  Hydralisk x6  
  160  16:48  Drone x3  
  160  16:53  Burrow  
  160  16:54  Corruptor  
  150  17:16  Zergling x2  
  150  17:17  Zergling x24  
  150  17:21  Drone  
  150  17:22  Drone  
  159  17:23  Drone x2  
  159  17:24  Drone  
  162  17:39  Viper x3  
  162  17:43  Drone x2  
  173  17:45  Drone x3  
  173  17:46  Drone  
  173  17:47  Baneling  
  173  17:48  Baneling x5  
  177  18:02  Zergling x10  
  177  18:03  Zergling x8  
  186  18:30  Hydralisk x3  
  186  18:31  Overlord  
  186  18:32  Overlord  
  192  18:39  Baneling x5  
  192  18:40  Baneling x4  
  192  18:41  Overlord  
Tags
 
Add a new tag
Caveats
  • Supply blocks, unpowered buildings, or Contaminate may cause inaccurate times.
  • Supply counts are checked every 10 seconds.